 Dungeon Crawl Stone Soup version 0.29-a0-334-gb41bcbb86e (webtiles) character file.

Game seed: 1627359217708750999

135 Lynx22330 the Skirmisher (level 4, -4/55 HPs)
             Began as a Demonspawn Abyssal Knight on Apr 14, 2022.
             Was a Believer of Lugonu.
             Slain by a scorpion (6 damage)
             ... on level 4 of the Dungeon.
             The game lasted 00:11:07 (2443 turns).

Lynx22330 the Skirmisher (DsAK)                     Turns: 2443, Time: 00:11:07

Health: -4/55      AC: 22    Str: 15    XL:     4   Next: 97%
Magic:  6/6        EV:  2    Int: 11    God:    Lugonu [**....]
Gold:   163        SH:  5    Dex: 14    Spells: 3/3 levels left

rFire   . . .      SeeInvis .   a - +1 mace (freeze)
rCold   . . .      Faith    .   (no shield)
rNeg    . . .      Spirit   .   (body armour currently unavailable)
rPois   +          Reflect  +   (helmet currently unavailable)
rElec   .          Harm     .   (cloak currently unavailable)
rCorr   .          Rampage  .   (gloves currently unavailable)
Will    .....      NoTele   +   (boots currently unavailable)
Stlth   +.........              l - amulet of reflection
HPRegen 0.18/turn               (no ring)
MPRegen 0.10/turn               (no ring)

@: lethally poisoned (-4 -> -6), tree-form, invisible
A: stationary, stasis, torment immunity, boosted hp, demonic magic 1, (weakness
stinger 1)
a: Renounce Religion, Depart the Abyss, Bend Space


You were on level 4 of the Dungeon.
You worshipped Lugonu.
Lugonu was pleased with you.
You were a tree.
You visited 1 branch of the dungeon, and saw 4 of its levels.
You visited the Abyss 1 time.

You collected 163 gold pieces.

Inventory:

Hand Weapons
 a - a +1 mace of freezing (weapon)
 o - a +0 fustibalus
 w - a +2 dagger of venom
Armour
 b - a +1 leather armour
 s - the +3 leather armour "Ebuff" (melded) {Rampage *Corrode Will++ Regen+}
   (You found it on level 2 of the Dungeon)

   Regen:     It increases your rate of health regeneration.
   *Corrode:  It may corrode you when you take damage.
   Rampage:   It bestows one free step when moving towards enemies.
   Will:      It greatly increases your willpower.
Magical Staves
 v - a staff of fire
 x - a staff of earth
Jewellery
 g - a ring of protection from cold
 l - an amulet of reflection (around neck)
 q - a ring of poison resistance
 y - a ring of positive energy
 z - a ring of wizardry
Scrolls
 d - a scroll of brand weapon
 k - 3 scrolls of identify
 r - 2 scrolls of blinking
 t - a scroll of enchant armour
Potions
 c - a potion of degeneration
 h - a potion of ambrosia {unknown}
 j - a potion of might {unknown}
 p - a potion of haste


   Skills:
 * Level 4.0 Fighting
 + Level 2.4 Maces & Flails
 + Level 2.3 Armour
 * Level 2.2 Dodging
 + Level 3.4 Invocations


You had 3 spell levels left.
You didn't know any spells.
Your spell library contained the following spells:

 Spells                   Type           Power      Damage    Failure   Level
 Beastly Appendage        Tmut           0%         N/A       34%         1
 Ensorcelled Hibernation  Hex/Ice        0%         N/A       47%         2
 Passwall                 Tmut/Erth      0%         N/A       47%         2
 Wereblood                Tmut           0%         N/A       47%         2
 Spider Form              Tmut/Pois      0%         N/A       71%         3
 Swiftness                Air            0%         N/A       71%         3


Dungeon Overview and Level Annotations

Branches:
Dungeon (4/15)
 Temple: D:4-7

Altars:
Cheibriados
Dithmenos

Shops:
D:3 (=


Innate Abilities, Weirdness & Mutations

You are a tree.
Your roots penetrate the ground, keeping you stationary.
You cannot be teleported.
You are immune to unholy pain and torment.
Your maximum health is greatly increased.
Your equipment is partially melded.
Spells you cast may paralyse adjacent enemies.
((You have a small tail.))


Message History

The orc hits you but does no damage.
You barely miss the orc.
The orc is heavily wounded.
You feel sick. The scorpion barely misses you. You block the orc's attack.
The orc hits you but does no damage. x2; The orc hits you with a +0 hand axe.
As you read the scroll labelled GAS COKILEMAUX, it crumbles to dust.
It is a scroll of enchant armour.
Your +0 leather armour glows green for a moment.
You feel sick.
The scorpion stings you but does no damage.
The orc hits you but does no damage. The orc completely misses you.
You block the orc's attack. Something hits you but does no damage.
As you read the scroll labelled XUNLUGG CILI, it crumbles to dust.
You cannot blink because you are held in place by your roots.
It was a scroll of blinking.
You feel sick. The orc hits you but does no damage. The scorpion stings you.
* * * LOW HITPOINT WARNING * * *
As you read the scroll labelled ISMIOTIE ZATEU, it crumbles to dust.
It is a scroll of brand weapon.
Your +1 mace is covered with a thin layer of ice!
a - a +1 mace of freezing (weapon)
You feel sick. The orc hits you but does no damage. x2
Something hits you but does no damage. You block the orc's attack.
The orc hits you with a +0 hand axe.
* * * LOW HITPOINT WARNING * * *
The scorpion stings you but does no damage.
It was a potion of flight.
Your roots keep you in place.
You feel yourself slow down.
You feel sick. The orc hits you with a +0 flail.
* * * LOW HITPOINT WARNING * * *
The orc hits you with a +2 flail of protection.
* * * LOW HITPOINT WARNING * * *
Something hits you but does no damage.
The orc hits you with a +2 flail of protection.
* * * LOW HITPOINT WARNING * * *
It was a potion of invisibility.
You fade into invisibility!
* * * LOW HITPOINT WARNING * * *
You feel sick. The scorpion stings you.
You die...

..... .... ....
#..# ###
######.$###../#
.......S......#
......oos.....#
.......♣oo....#
.......{o.....#
########.?...[#
#...##.....#
...#.....#
........#
..#...§§#
##...§§#
####......#


You could see a scorpion (can't see you), an orc priest (can't see you), an
adder (can't see you) and 4 orcs.

Vanquished Creatures
  3 adders
  2 worms (D:2)
  A dart slug (D:1)
  An orc (D:3)
  2 ball pythons
  6 bats
  2 endoplasms
  2 giant cockroaches (D:2)
  3 goblins
  A hobgoblin (D:2)
  A jackal (D:3)
  4 quokkas
  2 frilled lizards (D:2)
  3 kobolds
  6 rats
39 creatures vanquished.

Vanquished Creatures (others)
  4 fungi (D:2)
  11 plants (D:2)
15 creatures vanquished.

Grand Total: 54 creatures vanquished

Notes
Turn   | Place    | Note
-------+----------+-------------------------------------------
     0 | Abyss:1  | Lynx22330 the Demonspawn Abyssal Knight began the quest for
                  | the Orb.
     0 | Abyss:1  | Reached XP level 1. HP: 18/18 MP: 2/2
    19 | D:1      | Escaped the Abyss
    32 | D:1      | Reached skill level 1 in Dodging
   243 | D:1      | Gained mutation: Spells you cast may paralyse adjacent
                  | enemies. [demonic ancestry]
   243 | D:1      | Reached XP level 2. HP: 24/24 MP: 3/3
   872 | D:2      | Found a shadowy altar of Dithmenos.
   983 | D:2      | Gained mutation: You have a small tail. [demonic ancestry]
   983 | D:2      | Reached XP level 3. HP: 29/29 MP: 5/5
  1248 | D:2      | Identified the +3 leather armour "Ebuff" {Rampage *Corrode
                  | Will++ Regen+}
  1382 | D:2      | Reached *** piety under Lugonu
  1428 | D:2      | Found a faded altar of an unknown god.
  1466 | D:3      | Found Luj Ips's Book Shoppe.
  1506 | D:3      | Found a snail-covered altar of Cheibriados.
  1702 | D:3      | Reached XP level 4. HP: 37/37 MP: 6/6
  1880 | D:3      | Found Gafeufua's Antique Weapon Boutique.
  1888 | D:3      | Found Ydikiw's Jewellery Boutique.
  2286 | D:4      | Noticed a scorpion
  2288 | D:4      | Banished a scorpion
  2289 | D:4      | Reached skill level 4 in Fighting
  2378 | D:4      | Noticed a scorpion
  2429 | D:4      | HP: 1/55 [orc priest/divine providence (11)]
  2443 | D:4      | HP: 2/55 [poisoned by a scorpion]
  2443 | D:4      | Slain by a scorpion

Illustrated notes

Levels and vault maps discovered:
D:1:      spicycebolla_arrival_xxxplode, layout_basic
D:2:      layout_rooms, basic_altar, shapermc_ecumenical_altar_hornbeckon,
          serial_curves, eino_curves_03, eino_curves_04
D:3:      layout_loops_ring, mainiacjoe_overflow_surrounded_room, serial_shops,
          shop, shop_fountains, shop, corner_web_ring, serial_bayou_pond_d,
          minmay_quadrilaterals
D:4:      minmay_inner_zag, layout_gridville, marbit_many_paths, minivault_26,
          uniq_robin

Skill      XL: |  1  2  3  4 |
---------------+-------------+-----
Dodging        | 1 2 |  2.2
Maces & Flails | 2 |  2.4
Armour         | 2 |  2.3
Invocations    | 3 |  3.4
Fighting       | 4 |  4.0

Action                   |  1- 3 |  4- 6 || total
-------------------------+-------+-------++-------
Melee: Mace              |    93 |    35 ||   128
       Tailslap          |     6 |       ||     6
Invok: Banish            |     1 |     2 ||     3
       Bend Space        |       |     1 ||     1
  Use: Scroll            |     1 |     4 ||     5
       Potion            |       |     8 ||     8
 Stab: Sleeping          |     1 |     1 ||     2
Armor: Leather armour    |    46 |     9 ||    55
       Skin              |       |    48 ||    48
Dodge: Dodged            |    64 |    24 ||    88
Block: Other             |    17 |    14 ||    31

Table legend: (Time is in decaauts)
 A = Elapsed time spent in this place.
 B = Non-inter-level travel time spent in this place.
 C = Inter-level travel time spent in this place.
 D = Time resting spent in this place.
 E = Time spent auto-exploring this place.
 F = Levels seen in this place.
 G = Mean time per level.
                   A        B        C        D        E       F      G
               +--------+--------+--------+--------+--------+-----+--------+
         Total |   2470 |   2409 |     61 |      0 |   1918 |   5 |  494.0 |
       Dungeon |   2448 |   2387 |     61 |      0 |   1918 |   4 |  612.0 |
         Abyss |     22 |     22 |      0 |      0 |      0 |   1 |   22.0 |
               +--------+--------+--------+--------+--------+-----+--------+

Top non-repeatable levels by time:
     D:2: 831 daAuts
     D:3: 823 daAuts
     D:1: 626 daAuts
     D:4: 166 daAuts
 Abyss:1: 22 daAuts
